AoeStats
← danjo

Four Lakes

508198945Analyzed
1v1 RM · 11d ago on Sep 21, 2026· 39m 12s· 2 players
Game mode
Random Map
Map size
Tiny (2 player)
Population
200
Speed
Normal
Resources
Standard
Victory
Conquest
Starting age
Dark Age
Ending age
Imperial Age
RankedLock teamsTeams togetherTeam positionsShared explorationLock speedFull tech treeHidden civsTurbo modeCheats
Victory
Defeat
🇩🇪 Malians · Germany
1134
+16
🇧🇷 Lithuanians · Brazil
1137
-16
danjo
10:23 Feudal Age
11:21 Loom
16:15 Castle Age
18:58 Double-Bit Axe
24:49 Fishing Lines
25:40 Scale Barding Armor
26:34 Gillnets
31:34 Imperial Age
28:58 Horse Collar
29:36 Forging
29:52 Husbandry
30:06 Fletching
30:48 Bloodlines
32:12 Devotion
33:19 Iron Casting
32:46 Gold Mining
33:28 Chain Barding Armor
33:53 Farimba
33:52 Heavy Camel Rider
35:35 Wheelbarrow
39:15 Chemistry
39:49 Gold Shaft Mining
feue832223
7:36 Loom
10:11 Feudal Age
11:17 Double-Bit Axe
15:51 Wheelbarrow
19:35 Castle Age
17:45 Gold Mining
18:39 Scale Barding Armor
18:47 Forging
18:56 Town Watch
19:56 Bloodlines
20:26 Horse Collar
20:57 Bow Saw
22:46 Iron Casting
22:46 Husbandry
24:33 Bow Saw
26:57 Fletching
27:15 Padded Archer Armor
27:32 Heavy Plow
27:33 Elite Skirmisher
29:33 Ballistics
29:27 Bodkin Arrow
30:13 Stone Mining
30:59 Leather Archer Armor
32:43 Hand Cart
33:10 Stone Shaft Mining
36:22 Imperial Age
34:46 Chain Barding Armor
37:22 Bracer
38:25 Chemistry
Connection lost

Rejoining the realm…

Still unreachable

The connection could not be restored.

Session expired

The server has moved on; the page needs a fresh start.